 Dungeon Crawl Stone Soup version 0.23-b1-70-gd12f7cf (webtiles) character file.

Game seed: 11093505245447110154

107 HEYYEYAAE the Bolt Thrower (level 4, 0/29 HPs)
             Began as an Octopode Hunter on Feb 6, 2019.
             Slain by a goblin
             ... wielding a +0 dagger
              (9 damage)
             ... on level 2 of the Dungeon.
             The game lasted 00:01:24 (861 turns).

HEYYEYAAE the Bolt Thrower (Octopode Hunter)         Turns: 861, Time: 00:01:25

Health: 0/29       AC:  1    Str: 11    XL:     4   Next: 85%
Magic:  8/13       EV: 13    Int: 13    God:
Gold:   51         SH:  0    Dex: 13    Spells: 3/3 levels left

rFire    . . .     SeeInvis .   a - +1 hand crossbow
rCold    . . .     Gourm    .   (no shield)
rNeg     . . .     Faith    .   (helmet restricted)
rPois    .         Spirit   .   (no amulet)
rElec    .         Reflect  .   j - ring of magical power
rCorr    .         Harm     .   (no ring)
MR       .....                  (no ring)
Stlth    +++.......             (no ring)
HPRegen  0.09/turn              (no ring)
MPRegen  0.13/turn              (no ring)
                                (no ring)
                                (no ring)

@: no status effects
A: almost no armour, stealthy swim, amphibious, 8 rings, constrict 8, camouflage
1, gelatinous body 1
a: no special abilities


You were on level 2 of the Dungeon.
You were not hungry.

You visited 1 branch of the dungeon, and saw 2 of its levels.

You collected 51 gold pieces.

Inventory:

Hand Weapons
 a - a +1 hand crossbow (weapon)
 b - a +0 short sword
Jewellery
 j - a ring of magical power (left tentacle)
Scrolls
 g - a scroll of identify {unknown}
 h - a scroll of enchant weapon {unknown}
 l - a scroll of remove curse {unknown}
Potions
 e - a potion of haste {unknown}
 i - 2 potions of brilliance {unknown}
 k - a potion of lignification {unknown}
Comestibles
 d - 3 rations


   Skills:
 - Level 2.0 Fighting
 + Level 6.0 Crossbows
 - Level 2.0 Dodging
 - Level 1.3 Stealth


You had 3 spell levels left.
You didn't know any spells.
Your spell library was empty.

Dungeon Overview and Level Annotations

Branches:
Dungeon (2/15)

Altars:
Uskayaw

Annotations:
D:2 Robin


Innate Abilities, Weirdness & Mutations

You cannot wear most types of armour.
You are very stealthy in the water. (Stealth+)
You are amphibious.
You can wear up to eight rings at the same time.
You can use your tentacles to constrict eight enemies at once.
Your skin changes colour to match your surroundings (Stealth+).
Your rubbery body absorbs attacks. (AC +1, EV +1)


Message History

Really attack while wielding your +1 hand crossbow?
Okay, then.
Okay, then.
Unknown command.
The frilled lizard hisses angrily.
The goblin closely misses you.
A hobgoblin comes into view.
A hobgoblin comes into view. It is wielding a +0 club.
Robin hits you from afar with a +0 spear.
As you read the scroll labeled WUEPNAD ROIN CUZI, it crumbles to dust.
It is a scroll of enchant armour.
You aren't carrying any armour which can be enchanted further.
The goblin hits you with a +0 club.
* * * LOW HITPOINT WARNING * * *
The goblin hits you with a +0 club.
* * * LOW HITPOINT WARNING * * *
Robin throws the goblin at you!
* * * LOW HITPOINT WARNING * * *
The goblin hits you with a +0 dagger!
You die...

...(.#..# ...((.(.#
<....?.(# ## ..(...(.##.#
### .......)...# #.#
=......(†### #.#
......#.g.######.#
......##..gg..##.#######
.).....(.@.##..........##
?........g.#####.#####..##
....#......# #.# ##..#
...##......# ..# ##..
#.#..##. ..## ### ...l..#
.#### ...g...# .# ....g..
..


You could see Robin, 2 hobgoblins, 3 goblins and a frilled lizard.

Vanquished Creatures
  5 adders (D:2)
  A worm (D:2)
  3 dart slugs
  2 leopard geckos
  A bat (D:2)
  6 giant cockroaches
  9 goblins
  6 hobgoblins
  A quokka (D:2)
  A frilled lizard (D:1)
  7 kobolds
  8 rats
50 creatures vanquished.

Notes
Turn   | Place    | Note
-------+----------+-------------------------------------------
     0 | D:1      | HEYYEYAAE the Octopode Hunter began the quest for the Orb.
     0 | D:1      | Reached XP level 1. HP: 14/14 MP: 1/1
   307 | D:1      | Reached XP level 2. HP: 19/19 MP: 2/2
   652 | D:2      | Reached XP level 3. HP: 24/24 MP: 3/3
   678 | D:2      | Reached skill level 5 in Crossbows
   733 | D:2      | Noticed a +0 dagger
   733 | D:2      | Noticed a +0 dagger
   739 | D:2      | Found a hide-covered altar of Uskayaw.
   798 | D:2      | Reached XP level 4. HP: 28/29 MP: 4/4
   840 | D:2      | Reached skill level 6 in Crossbows
   844 | D:2      | Noticed Robin
   861 | D:2      | Slain by a goblin

Skill      XL: |  1  2  3  4 |
---------------+-------------+-----
Crossbows      | 5 6 |  6.0
Fighting       | |  2.0
Dodging        | |  2.0
Stealth        | |  1.3

Action                   |  1- 3 |  4- 6 || total
-------------------------+-------+-------++-------
 Fire: Hand crossbow     |    56 |    30 ||    86
  Use: Scroll            |       |     1 ||     1
Armor: Skin              |       |     1 ||     1
Dodge: Dodged            |     8 |    17 ||    25
